 Dungeon Crawl Stone Soup version 0.31-a0-844-gdc52ec4e09 (webtiles) character file.

Game seed: 10456472164404743468

9937 pokeman the Eclecticist (level 11, -4/63 HPs)
             Began as a Deep Elf Hedge Wizard on Sept 29, 2023.
             Was a Priest of Vehumet.
             Succumbed to Urug's poison
             ... on level 11 of the Dungeon.
             The game lasted 00:38:38 (12982 turns).

pokeman the Eclecticist (Deep Elf Hedge Wizard)    Turns: 12982, Time: 00:38:38

Health: -4/63      AC: 11    Str:  9    XL:     11   Next: 29%
Magic:  39/42      EV: 22    Int: 24    God:    Vehumet [***...]
Gold:   521        SH:  0    Dex: 14    Spells: 30/42 levels left

rFire   + + .        I - +2 short sword (venom)
rCold   + . .        (no shield)
rNeg    + . .        P - +0 acid dragon scales
rPois   .            c - +0 hat
rElec   +            q - +0 cloak
rCorr   +            F - +0 pair of gloves
SInv    .            s - +0 pair of boots "Lytovil" {+Blink rElec MP+9}
Will    +....        v - amulet of regeneration
Stlth   ++           O - ring of the Hare {EV+10}
HPRegen 1.10/turn    z - ring "Otaurump" {Fly rF++ rC+ rN+ Str+2}
MPRegen 0.28/turn

%: no passive effects
@: lethally poisoned (-4 -> -34), flying, hasted, very quick
A: no striking features
a: Renounce Religion, Evoke Blink


You were on level 11 of the Dungeon.
You worshipped Vehumet.
Vehumet was most pleased with you.
You visited 2 branches of the dungeon, and saw 12 of its levels.
You also visited: Bailey.

You collected 521 gold pieces.

Inventory:

Hand Weapons
 x - a +2 whip of electrocution
 y - a +3 quarterstaff of chaos
 I - a +2 short sword of venom (weapon)
Armour
 c - a +0 hat (worn)
 q - a +0 cloak (worn)
 s - the +0 pair of boots "Lytovil" (worn) {+Blink rElec MP+9}
   (You found it on level 3 of the Dungeon)

   rElec:     It insulates you from electricity.
   MP+9:      It affects your magic capacity (+9).
   +Blink:    It lets you blink.
 D - a +0 leather armour of cold resistance
 F - a +0 pair of gloves (worn)
 P - +0 acid dragon scales (worn)
Magical Staves
 A - a staff of air
Jewellery
 n - a ring of positive energy
 v - an amulet of regeneration (around neck)
 z - the ring "Otaurump" (right hand) {Fly rF++ rC+ rN+ Str+2}
   (You took it off a kobold on level 8 of the Dungeon)

   [ring of flight]

   Str+2:     It affects your strength (+2).
   rF++:      It greatly protects you from fire.
   rC+:       It protects you from cold.
   rN+:       It protects you from negative energy.
   Fly:       It grants you flight.
 M - a ring of ice
 O - the ring of the Hare (left hand) {EV+10}
   (You found it on level 10 of the Dungeon)

   [ring of evasion]

   EV+10:     It affects your evasion (+10).
Wands
 G - a wand of flame (16)
Scrolls
 a - 2 scrolls of noise {unknown}
 g - 4 scrolls of summoning
 h - 2 scrolls of poison {unknown}
 i - 3 scrolls of blinking {unknown}
 k - a scroll of fear {unknown}
 l - 6 scrolls of enchant armour
 m - 10 scrolls of identify {unknown}
 r - 3 scrolls of revelation {unknown}
 t - a scroll of acquirement {unknown}
 u - a scroll of fog {unknown}
 w - 4 scrolls of teleportation {unknown}
 E - a scroll of amnesia {unknown}
 L - 3 scrolls of enchant weapon
 N - a scroll of immolation {unknown}
Potions
 b - 6 potions of haste
 d - 3 potions of magic
 e - 7 potions of curing {unknown}
 f - 6 potions of attraction {unknown}
 j - 2 potions of invisibility {unknown}
 o - a potion of ambrosia {unknown}
 p - a potion of degeneration {unknown}
 B - 4 potions of mutation {unknown}
 C - 4 potions of resistance {unknown}
 H - a potion of brilliance {unknown}
 J - 2 potions of heal wounds {unknown}
 K - 2 potions of cancellation {unknown}


   Skills:
 + Level 5.0 Fighting
 - Level 5.0 Armour
 - Level 3.0 Dodging
 - Level 3.0 Stealth
 * Level 16.3 Spellcasting
 + Level 9.8 Conjurations
 - Level 1.1 Summonings
 - Level 1.1 Translocations
 - Level 1.0 Air Magic
 - Level 1.0 Poison Magic
 - Level 1.0 Evocations


You had 30 spell levels left.
You knew the following spells:

 Your Spells              Type           Power      Damage    Failure   Level
a - Magic Dart            Conj           100%       1d8       1%          1
b - Mephitic Cloud        Conj/Pois/Air  38%        N/A       1%          3
c - Call Imp              Summ           48%        N/A       4%          2
d - Blink                 Tloc           48%        N/A       4%          2
e - Iskenderun's Mystic   Conj/Tloc      45%        2d10      1%          4

Your spell library contained the following spells:

 Spells                   Type           Power      Damage    Failure   Level
 Frozen Ramparts          Ice            38%        1d6       3%          3
 Slow                     Hex            76%        N/A       4%          1
 Cigotuvi's Dreadful Rot  Necr/Pois/Air  44%        N/A       4%          2
 Lesser Beckoning         Tloc           48%        N/A       4%          2
 Gell's Gravitas          Tloc           24%        N/A       9%          3
 Teleport Other           Tloc           24%        N/A       9%          3
 Tukima's Dance           Hex            19%        N/A       13%         3
 Dimensional Bullseye     Hex/Tloc       11%        N/A       34%         4


Dungeon Overview and Level Annotations

Branches:
Dungeon (11/15)            Temple (1/1) D:6            Lair (0/5) D:9
    Orc (0/2) D:9          Bailey (visited)

Altars:
Ashenzari
Cheibriados
Dithmenos
Elyvilon
Fedhas
Gozag
Hepliaklqana
Kikubaaqudgha
Makhleb
Nemelex Xobeh
Okawaru
Qazlal
Ru
Sif Muna
Trog
Uskayaw
Vehumet
Wu Jian
Xom
Yredelemnul
Zin
The Shining One

Shops:
D:5 [   D:7 !   D:8 :   D:9 :

Annotations:
D:3 2 runed translucent doors, beavisfan's ghost, amateur VSSh
D:5 1 runed translucent door, hattop's ghost, novice DsSh
D:9 1 runed translucent door, varamyr's ghost, novice GnWn
D:11 Fannar; Urug


Message History

Unknown command.
Urug is engulfed in noxious fumes.
Unknown command.
Unknown command.
Fannar is engulfed in noxious fumes.
Fannar appears confused.
Found a red potion and a trident.
Unknown command.
You hit Urug but do no damage.
Urug is poisoned.
Urug laughs at nothing.
Urug hits you with a +2 war axe of venom!!
You are poisoned.
Unknown command.
You hit Urug but do no damage.
Urug looks even sicker.
You feel very sick.
You hit Urug but do no damage.
Urug looks as sick as possible!
You feel very sick.
Fannar seems less confused.
Urug seems less confused.
Urug screams, "Revenge!"
Urug hits you with a +2 war axe of venom.
Casting: Mephitic Cloud (safe; 1% risk of failure)
Confirm with . or Enter, or press ? or * to list all spells.
Aiming: Mephitic Cloud (safe; 1% risk of failure)
Press: ? - help, Shift-Dir - straight line The ball explodes into a vile cloud!
The stinking cloud engulfs Fannar but does no damage.
The stinking cloud engulfs Urug but does no damage.
Urug is lightly wounded.
You feel very sick.
Fannar is engulfed in noxious fumes.
Fannar appears confused.
Urug is engulfed in noxious fumes.
Urug appears confused.
Unknown command.
Unknown command.
You feel very sick.
Fannar is engulfed in noxious fumes.
Fannar appears confused.
You feel sick.
Urug hits you with a +2 war axe of venom!!
* * * LOW HITPOINT WARNING * * *
You are lethally poisoned!
It was a potion of haste.
You feel yourself speed up.
You die...

########
#........
#.!...)#
#........
#......#
#........
#.○○○..#
#########.
#.e○°..#
#.......#.
#...☼..#
#.#####.#.
#.<....# #.#
###.#.
#..o...# #.#
#...#.
###@#######.#
#.###.
#...#.......#
#...#.
#.###.#####.#
###.#.
#.....# ###
#... #######
####


You could see Fannar (confused) and Urug (confused, extremely poisoned).

Vanquished Creatures
  A two-headed ogre (D:10)
  A tengu warrior (D:10)
  An orc knight (Bailey)
  Pikel (D:5)
  A manticore (D:6)
  An eye of devastation (Bailey)
  An unseen horror (D:6)
  A troll (D:9)
  A hornet (D:8)
  2 wraiths
  A wyvern (D:11)
  A basilisk (D:11)
  Menkaure (D:4)
  4 water moccasins
  An acid dragon (D:10)
  2 ice beasts
  12 orc warriors
  2 ogres
  4 centaurs
  4 lemures (D:5)
  3 phantoms
  3 bullfrogs (D:6)
  3 kobold brigands
  Blork the orc (D:5)
  3 gnoll sergeants
  3 scorpions (D:7)
  11 wights
  9 killer bees
  2 hounds
  9 orc priests
  Crazy Yiuf (D:5)
  4 jellies
  A gnoll bouda (D:7)
  3 iguanas
  10 orc wizards
  A hound skeleton (D:3)
  6 adders
  22 gnolls
  4 shadow imps
  An ufetubus (D:6)
  An adder skeleton (D:3)
  A worm (D:2)
  4 dart slugs
  62 orcs
  3 bats
  8 endoplasms
  7 giant cockroaches
  11 goblins
  7 hobgoblins
  6 jackals
  5 quokkas
  8 ball pythons
  2 ball python skeletons (D:3)
  2 ball python zombies (D:3)
  4 frilled lizards
  21 kobolds
  A quokka skeleton (D:3)
  7 rats
303 creatures vanquished.

Vanquished Creatures (collateral kills)
  A wight (D:7)
  2 orc wizards
3 creatures vanquished.

Vanquished Creatures (others)
  An orc wizard (D:6)
1 creature vanquished.

Grand Total: 307 creatures vanquished

Notes
Turn   | Place    | Note
-------+----------+-------------------------------------------
     0 | D:1      | pokeman the Deep Elf Hedge Wizard began the quest for the
                  | Orb.
     0 | D:1      | Reached XP level 1. HP: 10/10 MP: 7/7
   138 | D:1      | Reached XP level 2. HP: 6/16 MP: 0/9
   576 | D:1      | Reached skill level 5 in Spellcasting
   716 | D:1      | Reached XP level 3. HP: 6/20 MP: 0/11
   720 | D:1      | Learned a level 3 spell: Mephitic Cloud
   723 | D:1      | Learned a level 2 spell: Call Imp
   726 | D:1      | Learned a level 2 spell: Blink
  1328 | D:2      | Reached skill level 1 in Armour
  1392 | D:2      | Reached skill level 1 in Fighting
  1402 | D:2      | Reached XP level 4. HP: 25/25 MP: 1/13
  2205 | D:2      | Reached skill level 6 in Spellcasting
  2286 | D:2      | Reached XP level 5. HP: 29/29 MP: 11/15
  2840 | D:3      | Found a faded altar of an unknown god.
  3362 | D:3      | Found a large runed translucent door.
  3362 | D:3      | Found a large runed translucent door.
  3370 | D:3      | Noticed beavisfan's ghost (amateur VSSh)
  3528 | D:3      | Identified the +0 pair of boots "Lytovil" {+Blink rElec
                  | MP+9}
  3719 | D:3      | Reached skill level 1 in Air Magic
  4107 | D:4      | Reached XP level 6. HP: 23/34 MP: 17/17
  4239 | D:4      | Reached skill level 1 in Poison Magic
  4239 | D:4      | Reached skill level 1 in Evocations
  4244 | D:4      | Reached skill level 7 in Spellcasting
  4309 | D:4      | Found a shimmering altar of Xom.
  4769 | D:4      | Reached XP level 7. HP: 36/40 MP: 20/20
  4842 | D:4      | Reached skill level 8 in Spellcasting
  5158 | D:5      | Entered Level 5 of the Dungeon
  5163 | D:5      | Noticed Pikel
  5170 | D:5      | Noticed Menkaure
  5218 | D:4      | Killed Menkaure
  5465 | D:5      | Found Warphes's Antique Armour Emporium.
  5473 | D:5      | Noticed Blork the orc
  5494 | D:5      | Reached skill level 9 in Spellcasting
  5495 | D:5      | Killed Blork the orc
  5686 | D:5      | Killed Pikel
  5687 | D:5      | Reached skill level 10 in Spellcasting
  5687 | D:5      | Reached skill level 5 in Conjurations
  5687 | D:5      | Reached XP level 8. HP: 35/44 MP: 19/24
  6068 | D:5      | Found a runed translucent door.
  6085 | D:5      | Noticed hattop's ghost (novice DsSh)
  6111 | D:5      | Found a burning altar of Makhleb.
  6173 | D:5      | Found a runed translucent door.
  6174 | D:5      | Noticed Crazy Yiuf
  6185 | D:5      | Paralysed by you for 4 turns
  6190 | D:5      | Killed Crazy Yiuf
  6498 | D:6      | Found a shimmering blue altar of Sif Muna.
  6528 | D:6      | Reached skill level 11 in Spellcasting
  6774 | D:6      | Found a staircase to the Ecumenical Temple.
  6787 | Temple   | Entered the Ecumenical Temple
  6798 | Temple   | Became a worshipper of Vehumet
  6913 | D:6      | Reached XP level 9. HP: 49/49 MP: 26/26
  7290 | D:6      | Noticed a manticore
  7450 | D:6      | Killed an unseen horror
  7670 | D:5      | Reached skill level 12 in Spellcasting
  7764 | D:6      | Killed a manticore
  8348 | D:7      | Reached skill level 13 in Spellcasting
  8551 | D:7      | Reached * piety under Vehumet
  8551 | D:7      | Offered knowledge of Shock by Vehumet.
  8726 | D:7      | Reached XP level 10. HP: 51/56 MP: 22/29
  8818 | D:7      | Found Sidyalev's Distillery.
  9657 | D:8      | Reached skill level 14 in Spellcasting
  9689 | D:8      | Found Lotubyt's Book Emporium.
  9710 | D:8      | Offered knowledge of Searing Ray by Vehumet.
  9797 | D:8      | Reached ** piety under Vehumet
  9894 | D:8      | Identified the ring "Otaurump" {Fly rF++ rC+ rN+ Str+2}
 10038 | D:8      | Noticed an angel
 10039 | D:8      | Found a glowing silver altar of Zin.
 10328 | D:9      | Found a runed translucent door.
 10331 | D:9      | Noticed varamyr's ghost (novice GnWn)
 10331 | D:9      | Identified the +5 trident "Cyewany" {flame, rPois Str+2
                  | Dex+3}
 10353 | D:9      | Found a flagged portal.
 10358 | Bailey   | Entered a bailey
 10487 | Bailey   | Offered knowledge of Momentum Strike by Vehumet.
 10587 | Bailey   | Reached *** piety under Vehumet
 10623 | Bailey   | Noticed an orc knight
 10652 | Bailey   | an orc knight changed into an eye of devastation
 10652 | Bailey   | Noticed an eye of devastation
 10672 | Bailey   | Reached skill level 15 in Spellcasting
 10674 | Bailey   | Killed an eye of devastation
 10675 | Bailey   | Reached skill level 5 in Armour
 10808 | Bailey   | Noticed an orc knight
 10857 | Bailey   | Killed an orc knight
 11257 | D:9      | Reached XP level 11. HP: 39/62 MP: 28/32
 11260 | D:9      | Offered knowledge of Frozen Ramparts by Vehumet.
 11284 | D:9      | Found a staircase to the Lair.
 11300 | D:9      | Found a staircase to the Orcish Mines.
 11396 | D:9      | Found Kakisee's Book Boutique.
 11820 | D:10     | Entered Level 10 of the Dungeon
 11893 | D:10     | Noticed a tengu warrior
 11938 | D:10     | Killed a tengu warrior
 12086 | D:10     | Found the ring of the Hare {EV+10}
 12120 | D:10     | Reached skill level 16 in Spellcasting
 12146 | D:10     | Learned a level 4 spell: Iskenderun's Mystic Blast
 12400 | D:10     | Noticed a two-headed ogre
 12424 | D:10     | Killed a two-headed ogre
 12789 | D:11     | Reached skill level 5 in Fighting
 12969 | D:11     | Noticed Urug
 12969 | D:11     | Noticed Fannar
 12982 | D:11     | Succumbed to Urug's poison

Illustrated notes

Levels and vault maps discovered:
D:1:      dpeg_arrival_renting, layout_basic
D:2:      layout_loops_corners
D:3:      layout_loops_corners, ebering_ecumenical_altar_abandoned,
          ebering_ghost_disaster_area, serial_undead, serial_undead_a,
          serial_undead_e, serial_undead_b, serial_undead_d
D:4:      layout_loops_ring, mainiacjoe_overflow_catwalk
D:5:      layout_basic, kennysheep_mini_moat, ebering_ghost_sewer_d,
          serial_shops, shop, uniq_crazy_yiuf_cottage, uniq_pikel,
          uniq_menkaure, uniq_blork_the_orc
D:6:      minmay_chambers_of_sixes, layout_gridville,
          mainiacjoe_overflow_alcove_1, minmay_temple_entry_antechambers
D:7:      layout_cave_pools, serial_shops, shop, corexii_corridor_pit,
          minmay_between
D:8:      layout_rooms, zin_angel, serial_shops, nicolae_shop_behind_doors
D:9:      layout_roguey, lair_entry_dummy, orc_0_dummy,
          ebering_ghost_funeral_grove, serial_shops, shop, enter_bailey_3
D:10:     layout_irregular_city
D:11:     layout_basic, uniq_fannar, uniq_urug
Temple:   mainiacjoe_temple_bowtie_tessellation

Skill      XL: |  1  2  3  4  5  6  7  8  9 10 11 |
---------------+----------------------------------+-----
Spellcasting   | 5 6 7 10 11 13 15 16 | 16.3
Armour         | 1 3 5 |  5.0
Fighting       | 1 2 4 5 |  5.0
Conjurations   | 2 3 5 6 7 9 |  9.8
Dodging        | 3 |  3.0
Stealth        | 3 |  3.0
Air Magic      | 1 |  1.0
Poison Magic   | 1 |  1.0
Evocations     | 1 |  1.0
Summonings     | |  1.1
Translocations | |  1.1

Action                     |  1- 3 |  4- 6 |  7- 9 | 10-12 || total
---------------------------+-------+-------+-------+-------++-------
  Melee: Dagger            |    36 |       |    87 |    19 ||   142
         Short sword       |     4 |    30 |    59 |   203 ||   296
         Whip              |       |       |    15 |       ||    15
         Punch             |       |       |     2 |     4 ||     6
   Cast: Magic Dart        |    99 |   175 |   292 |   266 ||   832
         Mephitic Cloud    |     1 |     7 |    36 |    55 ||    99
         Blink             |       |       |    16 |    13 ||    29
         Call Imp          |       |       |    14 |     7 ||    21
         Iskenderun's Myst |       |       |       |    13 ||    13
Ability: Evoke Blink       |       |       |     1 |       ||     1
  Evoke: Wand              |       |       |       |     1 ||     1
    Use: Potion            |       |       |       |     1 ||     1
   Stab: Confused          |       |     6 |    13 |    28 ||    47
 Armour: Robe              |    37 |    32 |    84 |       ||   153
         Leather armour    |       |       |   129 |   188 ||   317
         Acid dragon scale |       |       |       |     5 ||     5
  Dodge: Dodged            |    43 |    26 |   161 |   170 ||   400

Table legend: (Time is in decaauts)
 A = Elapsed time spent in this place.
 B = Non-inter-level travel time spent in this place.
 C = Inter-level travel time spent in this place.
 D = Time resting spent in this place.
 E = Time spent auto-exploring this place.
 F = Levels seen in this place.
 G = Mean time per level.
                   A        B        C        D        E       F      G
               +--------+--------+--------+--------+--------+-----+--------+
         Total |  13066 |  12586 |    480 |    674 |   9146 |  13 | 1005.1 |
       Dungeon |  12403 |  11941 |    462 |    526 |   8949 |  11 | 1127.5 |
        Temple |     20 |      2 |     18 |      0 |      0 |   1 |   20.0 |
        Bailey |    641 |    641 |      0 |    148 |    197 |   1 |  641.0 |
               +--------+--------+--------+--------+--------+-----+--------+

Top non-repeatable levels by time:
     D:6: 1986 daAuts
     D:4: 1473 daAuts
     D:2: 1390 daAuts
     D:1: 1302 daAuts
     D:3: 1275 daAuts
     D:5: 1247 daAuts
     D:7: 1055 daAuts
    D:10: 929 daAuts
     D:9: 858 daAuts
     D:8: 653 daAuts
  Bailey: 641 daAuts
    D:11: 230 daAuts
  Temple: 20 daAuts
